 Dungeon Crawl Stone Soup version 0.28.0-47-ge53b351184 (webtiles) character file.

Game seed: 3643323174638917795

56 Eitelfritz the Slasher (level 3, -7/27 HPs)
             Began as a Demonspawn Gladiator on May 4, 2022.
             Mangled by a gnoll
             ... wielding a +0 halberd
              (13 damage)
             ... on level 2 of the Dungeon.
             The game lasted 00:02:17 (1173 turns).

Eitelfritz the Slasher (Demonspawn Gladiator)       Turns: 1173, Time: 00:02:18

Health: -7/27      AC:  4    Str: 16    XL:     3   Next: 71%
Magic:  0/3        EV:  6    Int:  9    God:
Gold:   54         SH:  0    Dex: 14    Spells: 2/2 levels left

rFire   . . .      SeeInvis .   a - +2 whip (elec)
rCold   + . .      Faith    .   (no shield)
rNeg    . . .      Spirit   +   b - +0 leather armour
rPois   +          Reflect  .   c - +0 helmet
rElec   .          Harm     .   (no cloak)
rCorr   .          Rampage  .   (no gloves)
Will    .....                   (no boots)
Stlth   +.........              h - amulet of guardian spirit
HPRegen 0.09/turn               p - ring of poison resistance
MPRegen 0.08/turn               q - ring of protection from cold

@: held
A: demonic touch 1
a: no special abilities


You were on level 2 of the Dungeon.
You visited 1 branch of the dungeon, and saw 2 of its levels.

You collected 54 gold pieces.

Inventory:

Hand Weapons
 a - a +2 whip of electrocution (weapon)
 e - a +0 long sword
Missiles
 d - 3 throwing nets (quivered)
 f - 21 arrows
 r - 17 bolts
Armour
 b - a +0 leather armour (worn)
 c - a +0 helmet (worn)
Jewellery
 h - an amulet of guardian spirit (around neck)
 p - a ring of poison resistance (left hand)
 q - a ring of protection from cold (right hand)
Scrolls
 j - a scroll of acquirement {unknown}
 l - a scroll of teleportation {unknown}
 m - a scroll of identify {unknown}
Potions
 g - a potion of degeneration {unknown}
 i - 2 potions of haste {unknown}
 k - 2 potions of resistance {unknown}
 n - a potion of curing {unknown}
 o - a potion of flight {unknown}


   Skills:
 + Level 2.2 Fighting
 + Level 3.3 Long Blades
 + Level 0.8 Maces & Flails
 + Level 1.9 Throwing
 + Level 0.5 Armour
 + Level 3.2 Dodging


You had 2 spell levels left.
You didn't know any spells.
Your spell library was empty.

Dungeon Overview and Level Annotations

Branches:
Dungeon (2/15)

Altars:


Innate Abilities, Weirdness & Mutations

Your touch may inflict minor irresistible damage on your foes.


Message History

There is an open door here.
You open the door.
There is an open door here.
A quokka comes into view.
You hit the quokka.
You kill the quokka!
You see here a quokka corpse.
You now have 54 gold pieces (gained 8).
A gnoll comes into view. It is wielding a +0 flail.
The gnoll shouts!
You hear a shout!
A gnoll comes into view. It is wielding a +0 spear.
You hit the gnoll.
The gnoll is lightly wounded.
The gnoll misses you. The gnoll closely misses you.
You hit the gnoll.
You touch the gnoll.
The gnoll is severely wounded.
A gnoll comes into view. It is wielding a +0 halberd.
The gnoll closely misses you.
You barely miss the gnoll.
The gnoll is severely wounded.
The gnoll hits you from afar with a +0 spear.
The gnoll closely misses you.
You hit the gnoll.
You kill the gnoll!
The gnoll throws a throwing net.
The throwing net closely misses you. The gnoll barely misses you.
The gnoll hits you from afar with a +0 halberd!
You see here a +0 flail.
The gnoll hits you from afar with a +0 spear.
* * * LOW HITPOINT WARNING * * *
The gnoll throws a throwing net.
The throwing net hits you.
You become entangled in the net!
Things that are here:
a throwing net; a quokka corpse You struggle against the net.
You struggle against the net.
The gnoll hits you from afar with a +0 spear.
* * * LOW HITPOINT WARNING * * *
The gnoll hits you from afar with a +0 halberd!
You die...

...## #.# #.... ... #.# #..(.
#.# #.# #####.... #)# #.#
#........ #g# ### #.#
#........ #.# #.# #.#
#........
#.####.######.#######........
#.........g.#................
#.####.#..g.@#######.######'#
#(# #.#.##..#######.######.#
#.# #......................#
#.# ######..###.###.########
#.# #..# #.# #.# #..# #.# #.#
#..# ..# ... ...# ###


You could see 2 gnolls.

Vanquished Creatures
  2 gnolls
  A worm (D:2)
  A dart slug (D:1)
  2 ball pythons (D:1)
  3 endoplasms (D:1)
  5 hobgoblins (D:1)
  2 quokkas
  5 bats (D:1)
  3 frilled lizards
  3 goblins (D:1)
  2 kobolds (D:1)
  2 rats (D:1)
31 creatures vanquished.

Notes
Turn   | Place    | Note
-------+----------+-------------------------------------------
     0 | D:1      | Eitelfritz the Demonspawn Gladiator began the quest for the
                  | Orb.
     0 | D:1      | Reached XP level 1. HP: 16/16 MP: 1/1
   177 | D:1      | Found a faded altar of an unknown god.
   183 | D:1      | Gained mutation: Your touch may inflict minor irresistible
                  | damage on your foes. [demonic ancestry]
   183 | D:1      | Reached XP level 2. HP: 19/22 MP: 2/2
   487 | D:1      | Reached XP level 3. HP: 25/27 MP: 3/3
  1173 | D:2      | Mangled by a gnoll

Illustrated notes

Levels and vault maps discovered:
D:1:      psy_arrival_fountain, layout_rooms, dreamdust_ecumenical_altar_statues
D:2:      layout_basic

Skill      XL: |  1  2 |
---------------+-------+-----
Long Blades    | 3 |  3.3
Dodging        | 3 |  3.2
Fighting       | |  2.2
Maces & Flails | |  0.8
Throwing       | |  1.9
Armour         | |  0.5

Action                   || total
-------------------------++-------
Melee: Long sword        ||     9
       Whip              ||    59
       Touch             ||    10
       Punch             ||     1
Armor: Leather armour    ||    23
Dodge: Dodged            ||    47
